[ PARTIDA AOE2 · #479050367 ]
Team RMBritanos vs Turks
[ ANÁLISIS DE REPETICIÓN · EXTRAÍDO DE LA PARTIDA GRABADA ]
Feudal
12:09
Castillos
16:25
Imperial
35:38
| APM promedio | 21.3 |
| APM pico | 59 |
| eAPM promedio | 10.1 |
| Aldeanos / militares | 139 / 414 |
Foco
⚔️ 38.5% · 🌾 61.5%
Spearman ×292 · Longbowman ×60 · Militia ×47 · Trade Cart ×16 · Trebuchet (Packed) ×13 · Monk ×2
Feudal
10:53
Castillos
18:24
Imperial
30:19
| APM promedio | 10.6 |
| APM pico | 31 |
| eAPM promedio | 7.0 |
| Aldeanos / militares | 80 / 108 |
Foco
⚔️ 42.5% · 🌾 57.5%
Knight ×56 · Throwing Axeman ×28 · Bombard Cannon ×23 · Trade Cart ×6 · Monk ×1
Feudal
10:55
Castillos
17:31
Imperial
32:51
| APM promedio | 10.5 |
| APM pico | 23 |
| eAPM promedio | 8.6 |
| Aldeanos / militares | 123 / 167 |
Foco
⚔️ 22.2% · 🌾 77.8%
Knight ×85 · Conquistador ×44 · Hand Cannoneer ×30 · Trade Cart ×12 · Trebuchet (Packed) ×6 · Mangonel ×2
Feudal
12:41
Castillos
19:36
Imperial
27:30
| APM promedio | 22.1 |
| APM pico | 83 |
| eAPM promedio | 16.3 |
| Aldeanos / militares | 130 / 400 |
Foco
⚔️ 52.5% · 🌾 47.5%
Berserk ×202 · Spearman ×194 · Trade Cart ×15 · Trebuchet (Packed) ×4
Feudal
10:12
Castillos
20:23
Imperial
41:03
| APM promedio | 20.9 |
| APM pico | 45 |
| eAPM promedio | 13.4 |
| Aldeanos / militares | 162 / 148 |
Foco
⚔️ 42.5% · 🌾 57.5%
Ballista Elephant ×88 · Knight ×35 · Trebuchet (Packed) ×8 · Mangonel ×7 · Spearman ×5 · Monk ×5
Feudal
11:40
Castillos
19:27
Imperial
39:27
| APM promedio | 11.7 |
| APM pico | 34 |
| eAPM promedio | 8.6 |
| Aldeanos / militares | 97 / 133 |
Foco
⚔️ 27.9% · 🌾 72.1%
Knight ×95 · Trade Cart ×25 · Skirmisher ×21 · Throwing Axeman ×11 · Spearman ×6
Feudal
14:50
Castillos
23:54
Imperial
44:08
| APM promedio | 14.5 |
| APM pico | 30 |
| eAPM promedio | 10.3 |
| Aldeanos / militares | 87 / 120 |
Foco
⚔️ 34.0% · 🌾 66.0%
Janissary ×95 · Camel Scout ×13 · Bombard Cannon ×9 · Trade Cart ×4 · Spearman ×3
Feudal
12:33
Castillos
17:25
Imperial
40:11
| APM promedio | 15.2 |
| APM pico | 32 |
| eAPM promedio | 10.1 |
| Aldeanos / militares | 146 / 194 |
Foco
⚔️ 27.6% · 🌾 72.4%
Knight ×163 · Trade Cart ×29 · Throwing Axeman ×21 · Spearman ×6 · Mangonel ×2 · Trebuchet (Packed) ×2
Mapa de la partida
Recursos al inicio + cada clic de construcción. Línea gruesa = muro · recuadro discontinuo = muro de casas detectado. 🟡 oro · ⚪ piedra · 🟢 bayas · 🔶 jabalí · ⭕ reliquia
Terreno con sombreado de elevación (luz NO: claro = ladera hacia el noroeste) · ⚠ = hueco de muro detectado
Inputs por minuto
— ich mag Bier - - Guigui
Build order — ich mag Bier
Primeras 150 de 375 acciones detectadas
| 0:03 | Crear | Villager (Male) ×4 |
| 0:03 | Crear | Villager (Male) ×4 |
| 0:08 | Construir | House |
| 0:40 | Construir | House |
| 0:41 | Construir | House |
| 0:43 | Construir | House |
| 0:46 | Construir | House |
| 0:48 | Construir | House |
| 1:11 | Crear | Villager (Male) |
| 2:20 | Construir | House |
| 2:25 | Investigar | Loom |
| 2:25 | Crear | Villager (Male) ×2 |
| 2:30 | Investigar | Loom |
| 3:02 | Crear | Villager (Male) |
| 3:08 | Crear | Villager (Male) |
| 3:28 | Construir | Mill |
| 3:47 | Crear | Villager (Male) |
| 4:01 | Crear | Villager (Male) |
| 4:39 | Crear | Villager (Male) |
| 4:40 | Crear | Villager (Male) |
| 5:15 | Crear | Villager (Male) ×2 |
| 5:36 | Construir | Lumber Camp |
| 6:21 | Crear | Villager (Male) |
| 6:38 | Crear | Villager (Male) ×4 |
| 6:48 | Construir | Mill |
| 7:02 | Crear | Villager (Male) |
| 8:08 | Crear | Villager (Male) |
| 8:12 | Crear | Villager (Male) |
| 8:18 | Crear | Villager (Male) |
| 8:28 | Construir | Mining Camp |
| 8:35 | Construir | Mining Camp |
| 8:59 | Crear | Villager (Male) ×5 |
| 9:52 | Investigar | Feudal Age |
| 12:09 | Edad | Edad Feudal |
| 12:17 | Construir | Blacksmith |
| 12:21 | Construir | Market |
| 12:46 | Construir | Farm |
| 12:47 | Construir | Farm |
| 12:48 | Construir | Farm |
| 13:45 | Investigar | Castle Age |
| 13:55 | Construir | Farm |
| 14:05 | Investigar | Horse Collar |
| 14:15 | Investigar | Double-Bit Axe |
| 14:23 | Construir | Farm |
| 14:24 | Construir | Farm |
| 14:26 | Construir | Farm |
| 14:29 | Construir | Farm |
| 14:51 | Construir | Farm |
| 15:09 | Construir | Farm |
| 15:42 | Construir | Farm |
| 16:25 | Edad | Edad de los Castillos |
| 16:29 | Construir | Town Center |
| 16:35 | Crear | Villager (Male) ×5 |
| 16:36 | Crear | Villager (Male) |
| 17:23 | Crear | Villager (Male) ×3 |
| 17:52 | Construir | Town Center |
| 18:06 | Crear | Villager (Male) ×3 |
| 18:35 | Crear | Villager (Male) |
| 19:29 | Construir | Town Center |
| 19:43 | Investigar | Stone Mining |
| 19:45 | Investigar | Gold Mining |
| 19:51 | Crear | Villager (Male) |
| 19:52 | Crear | Villager (Male) |
| 20:00 | Crear | Villager (Male) |
| 20:19 | Construir | Farm |
| 20:34 | Crear | Villager (Male) |
| 20:37 | Crear | Villager (Male) |
| 20:49 | Construir | Farm |
| 21:06 | Investigar | Heavy Plow |
| 21:14 | Construir | Farm |
| 21:22 | Crear | Villager (Male) |
| 21:25 | Crear | Villager (Male) |
| 21:36 | Crear | Villager (Male) |
| 21:55 | Construir | Farm |
| 22:04 | Crear | Villager (Male) |
| 22:07 | Crear | Villager (Male) |
| 22:15 | Crear | Villager (Male) |
| 22:28 | Crear | Villager (Male) |
| 22:34 | Crear | Villager (Male) |
| 22:40 | Construir | Farm |
| 22:43 | Construir | House |
| 23:01 | Construir | House |
| 23:02 | Construir | House |
| 23:02 | Construir | House |
| 23:02 | Construir | House |
| 23:02 | Construir | House |
| 23:03 | Construir | House |
| 23:03 | Construir | House |
| 23:03 | Construir | House |
| 23:19 | Crear | Villager (Male) |
| 23:19 | Crear | Villager (Male) |
| 23:20 | Crear | Villager (Male) |
| 23:22 | Crear | Villager (Male) |
| 23:22 | Crear | Villager (Male) |
| 23:22 | Crear | Villager (Male) |
| 23:31 | Crear | Villager (Male) |
| 23:35 | Crear | Villager (Male) |
| 23:36 | Crear | Villager (Male) |
| 23:48 | Investigar | Bow Saw |
| 23:55 | Construir | Farm |
| 24:07 | Crear | Villager (Male) |
| 24:07 | Crear | Villager (Male) |
| 24:18 | Crear | Villager (Male) |
| 24:23 | Crear | Villager (Male) |
| 24:31 | Construir | Farm |
| 24:36 | Crear | Villager (Male) |
| 24:45 | Construir | Market |
| 25:00 | Investigar | Caravan |
| 25:09 | Crear | Villager (Male) |
| 25:18 | Construir | Farm |
| 25:20 | Crear | Villager (Male) |
| 25:20 | Crear | Villager (Male) |
| 25:26 | Crear | Villager (Male) |
| 25:45 | Crear | Villager (Male) |
| 25:48 | Crear | Villager (Male) |
| 25:55 | Construir | Monastery |
| 26:09 | Crear | Villager (Male) ×4 |
| 26:09 | Crear | Villager (Male) ×4 |
| 26:26 | Crear | Trade Cart ×5 |
| 26:42 | Crear | Trade Cart |
| 26:47 | Construir | Market |
| 26:53 | Investigar | Wheelbarrow |
| 26:54 | Investigar | Town Watch |
| 26:55 | Crear | Villager (Male) ×3 |
| 27:07 | Construir | Farm |
| 27:07 | Construir | Farm |
| 27:08 | Construir | Farm |
| 27:09 | Construir | Farm |
| 27:10 | Construir | Farm |
| 27:10 | Construir | Farm |
| 27:11 | Construir | Farm |
| 27:15 | Construir | Farm |
| 27:22 | Construir | Farm |
| 27:53 | Construir | Farm |
| 28:22 | Construir | Castle |
| 28:30 | Crear | Villager (Male) ×5 |
| 28:49 | Construir | Town Center |
| 29:06 | Crear | Monk |
| 29:19 | Construir | Farm |
| 29:48 | Construir | University |
| 29:57 | Crear | Villager (Male) ×5 |
| 30:05 | Construir | House |
| 30:16 | Construir | Lumber Camp |
| 30:27 | Investigar | Hand Cart |
| 30:27 | Investigar | Town Patrol |
| 30:29 | Crear | Villager (Male) |
| 30:30 | Crear | Villager (Male) |
| 31:03 | Construir | Mining Camp |
| 31:07 | Crear | Villager (Male) ×5 |
| 31:17 | Crear | Villager (Male) ×5 |
Build order — Guigui
Primeras 150 de 284 acciones detectadas
| 0:01 | Crear | Villager (Male) |
| 0:01 | Crear | Villager (Male) |
| 0:02 | Crear | Villager (Male) |
| 0:03 | Construir | House |
| 0:05 | Construir | House |
| 0:56 | Crear | Villager (Male) |
| 0:56 | Crear | Villager (Male) |
| 1:26 | Crear | Villager (Male) |
| 1:27 | Crear | Villager (Male) |
| 1:53 | Construir | Lumber Camp |
| 2:00 | Crear | Villager (Male) |
| 2:01 | Crear | Villager (Male) |
| 2:23 | Crear | Villager (Male) |
| 2:23 | Crear | Villager (Male) |
| 2:53 | Crear | Villager (Male) |
| 2:53 | Crear | Villager (Male) |
| 3:07 | Crear | Villager (Male) |
| 3:08 | Crear | Villager (Male) |
| 3:39 | Construir | Mill |
| 3:45 | Crear | Villager (Male) |
| 3:53 | Construir | House |
| 3:57 | Crear | Villager (Male) |
| 3:57 | Crear | Villager (Male) |
| 4:33 | Crear | Villager (Male) |
| 4:50 | Crear | Villager (Male) |
| 4:50 | Crear | Villager (Male) |
| 5:12 | Crear | Villager (Male) |
| 5:19 | Crear | Villager (Male) |
| 5:39 | Crear | Villager (Male) |
| 6:00 | Construir | House |
| 6:06 | Construir | Barracks |
| 6:41 | Crear | Villager (Male) |
| 7:37 | Construir | House |
| 7:38 | Construir | House |
| 7:40 | Construir | House |
| 7:42 | Construir | House |
| 8:43 | Investigar | Feudal Age |
| 10:07 | Construir | Mining Camp |
| 10:17 | Crear | Villager (Male) |
| 10:18 | Crear | Villager (Male) |
| 10:18 | Crear | Villager (Male) |
| 10:53 | Edad | Edad Feudal |
| 11:02 | Crear | Villager (Male) |
| 11:29 | Construir | Lumber Camp |
| 11:35 | Crear | Villager (Male) |
| 11:57 | Construir | Farm |
| 12:00 | Crear | Villager (Male) |
| 12:12 | Construir | Farm |
| 12:23 | Construir | Farm |
| 12:24 | Construir | Farm |
| 12:26 | Construir | Farm |
| 12:27 | Construir | Farm |
| 12:28 | Construir | Farm |
| 12:30 | Construir | Farm |
| 12:38 | Construir | Farm |
| 12:40 | Crear | Villager (Male) |
| 13:38 | Crear | Villager (Male) |
| 13:38 | Crear | Villager (Male) |
| 14:00 | Construir | Stable |
| 14:03 | Crear | Villager (Male) |
| 14:16 | Construir | Mill |
| 14:36 | Crear | Villager (Male) |
| 14:48 | Construir | Blacksmith |
| 15:44 | Investigar | Castle Age |
| 15:50 | Construir | House |
| 15:51 | Construir | House |
| 15:52 | Construir | House |
| 16:49 | Construir | Mining Camp |
| 17:04 | Construir | Stable |
| 18:06 | Construir | House |
| 18:08 | Construir | House |
| 18:09 | Construir | House |
| 18:11 | Construir | House |
| 18:20 | Crear | Villager (Male) |
| 18:20 | Crear | Villager (Male) |
| 18:21 | Crear | Villager (Male) |
| 18:21 | Crear | Villager (Male) |
| 18:24 | Edad | Edad de los Castillos |
| 18:42 | Construir | Town Center |
| 19:01 | Crear | Knight |
| 19:01 | Crear | Knight |
| 19:02 | Crear | Knight |
| 19:02 | Crear | Knight |
| 19:03 | Crear | Knight |
| 19:05 | Crear | Knight |
| 19:31 | Crear | Villager (Male) |
| 19:31 | Crear | Villager (Male) |
| 19:31 | Crear | Villager (Male) |
| 19:32 | Crear | Villager (Male) |
| 19:38 | Crear | Villager (Male) |
| 19:50 | Construir | Farm |
| 20:07 | Investigar | Forging |
| 20:08 | Investigar | Scale Barding Armor |
| 20:21 | Crear | Villager (Male) |
| 20:21 | Crear | Villager (Male) |
| 20:22 | Crear | Villager (Male) |
| 20:23 | Crear | Villager (Male) |
| 22:21 | Construir | Town Center |
| 22:23 | Crear | Villager (Male) |
| 22:23 | Crear | Villager (Male) |
| 22:24 | Crear | Villager (Male) |
| 22:28 | Crear | Villager (Male) |
| 22:28 | Crear | Villager (Male) |
| 22:28 | Crear | Villager (Male) |
| 23:24 | Construir | Castle |
| 23:41 | Crear | Villager (Male) |
| 23:42 | Crear | Villager (Male) |
| 23:44 | Crear | Villager (Male) |
| 23:44 | Crear | Villager (Male) |
| 24:50 | Construir | Farm |
| 26:20 | Construir | Farm |
| 26:22 | Construir | Farm |
| 26:24 | Construir | Farm |
| 26:26 | Construir | Farm |
| 26:28 | Construir | Farm |
| 26:30 | Construir | Farm |
| 26:33 | Construir | Farm |
| 26:53 | Construir | Farm |
| 26:55 | Construir | Farm |
| 26:57 | Construir | Farm |
| 26:58 | Construir | Farm |
| 27:04 | Crear | Villager (Male) |
| 27:09 | Investigar | Imperial Age |
| 27:11 | Crear | Villager (Male) |
| 27:42 | Construir | Market |
| 27:53 | Construir | Farm |
| 27:55 | Construir | Farm |
| 28:02 | Construir | Farm |
| 28:04 | Crear | Villager (Male) |
| 28:04 | Crear | Villager (Male) |
| 28:23 | Crear | Villager (Male) |
| 28:23 | Crear | Villager (Male) |
| 28:23 | Crear | Villager (Male) |
| 28:24 | Crear | Villager (Male) |
| 28:35 | Investigar | Husbandry |
| 28:36 | Crear | Knight |
| 28:36 | Crear | Knight |
| 28:37 | Crear | Knight |
| 28:37 | Crear | Knight |
| 28:37 | Crear | Knight |
| 28:38 | Crear | Knight |
| 28:38 | Crear | Knight |
| 28:49 | Crear | Throwing Axeman |
| 28:50 | Crear | Throwing Axeman |
| 28:51 | Crear | Throwing Axeman |
| 29:14 | Construir | University |
| 29:31 | Construir | Mining Camp |
| 29:35 | Crear | Villager (Male) |
| 29:35 | Crear | Villager (Male) |
| 29:36 | Crear | Villager (Male) |
Build order — blacar
Primeras 150 de 374 acciones detectadas
| 0:04 | Construir | House |
| 0:06 | Construir | House |
| 0:08 | Crear | Villager (Male) |
| 0:08 | Crear | Villager (Male) |
| 0:08 | Crear | Villager (Male) |
| 0:09 | Crear | Villager (Male) |
| 1:41 | Crear | Villager (Male) |
| 2:06 | Crear | Villager (Male) |
| 2:27 | Crear | Villager (Male) |
| 2:59 | Construir | House |
| 3:06 | Crear | Villager (Male) |
| 3:06 | Crear | Villager (Male) |
| 3:07 | Crear | Villager (Male) |
| 3:26 | Construir | House |
| 3:33 | Construir | Lumber Camp |
| 3:42 | Crear | Villager (Male) |
| 3:43 | Crear | Villager (Male) |
| 3:43 | Crear | Villager (Male) |
| 4:10 | Crear | Villager (Male) |
| 4:11 | Crear | Villager (Male) |
| 4:34 | Crear | Villager (Male) |
| 5:17 | Crear | Villager (Male) |
| 5:48 | Crear | Villager (Male) |
| 5:49 | Crear | Villager (Male) |
| 6:11 | Crear | Villager (Male) |
| 6:26 | Construir | Mill |
| 6:31 | Crear | Villager (Male) |
| 6:42 | Crear | Villager (Male) |
| 7:03 | Crear | Villager (Male) |
| 8:09 | Crear | Villager (Male) |
| 8:10 | Crear | Villager (Male) |
| 8:45 | Investigar | Feudal Age |
| 9:11 | Construir | Mining Camp |
| 9:40 | Construir | House |
| 9:42 | Construir | House |
| 9:44 | Construir | House |
| 9:45 | Construir | House |
| 9:47 | Construir | House |
| 10:55 | Edad | Edad Feudal |
| 11:00 | Construir | Market |
| 11:05 | Crear | Villager (Male) |
| 11:06 | Crear | Villager (Male) |
| 11:07 | Crear | Villager (Male) |
| 11:49 | Construir | Blacksmith |
| 12:05 | Investigar | Double-Bit Axe |
| 12:22 | Construir | Farm |
| 12:28 | Construir | Farm |
| 12:31 | Construir | Farm |
| 12:32 | Construir | Farm |
| 12:35 | Crear | Villager (Male) |
| 12:35 | Crear | Villager (Male) |
| 12:49 | Construir | House |
| 12:52 | Construir | House |
| 12:54 | Construir | House |
| 13:11 | Construir | Farm |
| 13:16 | Construir | Farm |
| 13:21 | Crear | Villager (Male) |
| 13:21 | Crear | Villager (Male) |
| 13:42 | Construir | Farm |
| 13:46 | Construir | Farm |
| 14:27 | Construir | Farm |
| 14:29 | Construir | Farm |
| 14:36 | Construir | House |
| 14:42 | Construir | House |
| 14:51 | Investigar | Castle Age |
| 15:06 | Investigar | Horse Collar |
| 15:16 | Construir | Farm |
| 15:21 | Construir | Farm |
| 15:57 | Construir | Barracks |
| 16:31 | Investigar | Gold Mining |
| 16:35 | Investigar | Stone Mining |
| 17:08 | Crear | Villager (Male) |
| 17:09 | Crear | Villager (Male) |
| 17:10 | Crear | Villager (Male) |
| 17:30 | Crear | Villager (Male) |
| 17:31 | Edad | Edad de los Castillos |
| 17:49 | Construir | Town Center |
| 18:07 | Crear | Villager (Male) |
| 18:34 | Construir | Town Center |
| 18:56 | Investigar | Bow Saw |
| 19:01 | Crear | Villager (Male) |
| 19:01 | Crear | Villager (Male) |
| 19:01 | Crear | Villager (Male) |
| 19:40 | Construir | Town Center |
| 19:46 | Crear | Villager (Male) |
| 19:46 | Crear | Villager (Male) |
| 19:47 | Crear | Villager (Male) |
| 20:11 | Construir | Stable |
| 20:22 | Construir | Farm |
| 20:26 | Crear | Villager (Male) |
| 20:27 | Crear | Villager (Male) |
| 20:39 | Crear | Villager (Male) |
| 20:40 | Crear | Villager (Male) |
| 21:06 | Construir | Stable |
| 21:09 | Crear | Villager (Male) |
| 21:18 | Investigar | Wheelbarrow |
| 21:23 | Crear | Villager (Male) |
| 21:26 | Crear | Villager (Male) |
| 21:28 | Crear | Villager (Male) |
| 21:37 | Construir | Farm |
| 21:39 | Construir | Farm |
| 21:41 | Construir | Farm |
| 21:43 | Construir | Farm |
| 21:45 | Construir | Farm |
| 21:48 | Construir | Farm |
| 21:50 | Construir | Farm |
| 21:53 | Crear | Villager (Male) |
| 21:54 | Crear | Villager (Male) |
| 22:05 | Crear | Villager (Male) |
| 22:39 | Construir | Stable |
| 22:45 | Investigar | Bloodlines |
| 22:49 | Crear | Villager (Male) |
| 22:58 | Crear | Villager (Male) |
| 23:01 | Construir | Farm |
| 23:03 | Construir | Farm |
| 23:04 | Construir | Farm |
| 23:11 | Crear | Villager (Male) |
| 23:16 | Crear | Villager (Male) |
| 23:26 | Construir | Farm |
| 23:28 | Construir | Farm |
| 23:30 | Construir | Farm |
| 23:34 | Crear | Villager (Male) |
| 23:40 | Crear | Villager (Male) |
| 23:46 | Crear | Villager (Male) |
| 23:51 | Construir | Farm |
| 23:56 | Construir | Farm |
| 23:57 | Construir | Farm |
| 24:01 | Crear | Villager (Male) |
| 24:03 | Crear | Villager (Male) |
| 24:07 | Construir | Farm |
| 24:18 | Construir | House |
| 24:19 | Construir | House |
| 24:21 | Construir | House |
| 24:23 | Construir | House |
| 24:24 | Construir | House |
| 24:26 | Construir | House |
| 24:28 | Construir | House |
| 24:34 | Crear | Knight ×4 |
| 24:47 | Crear | Villager (Male) |
| 24:51 | Construir | Farm |
| 24:51 | Construir | Farm |
| 24:52 | Construir | Farm |
| 24:53 | Construir | Farm |
| 24:54 | Construir | Farm |
| 24:55 | Construir | Farm |
| 24:57 | Crear | Villager (Male) |
| 25:03 | Crear | Villager (Male) |
| 25:07 | Crear | Villager (Male) |
| 25:13 | Construir | Farm |
| 25:15 | Construir | Farm |
Build order — Rasboul
Primeras 150 de 751 acciones detectadas
| 0:04 | Construir | House |
| 0:04 | Crear | Villager (Male) |
| 0:05 | Crear | Villager (Male) |
| 0:05 | Crear | Villager (Male) |
| 0:05 | Crear | Villager (Male) |
| 0:05 | Crear | Villager (Male) |
| 0:07 | Construir | House |
| 1:45 | Crear | Villager (Male) |
| 1:45 | Crear | Villager (Male) |
| 2:28 | Construir | Lumber Camp |
| 2:37 | Crear | Villager (Male) |
| 2:38 | Crear | Villager (Male) |
| 3:38 | Crear | Villager (Male) |
| 3:38 | Crear | Villager (Male) |
| 4:13 | Crear | Villager (Male) |
| 4:16 | Crear | Villager (Male) |
| 4:58 | Construir | House |
| 5:02 | Construir | House |
| 5:02 | Construir | House |
| 5:03 | Construir | House |
| 5:43 | Crear | Villager (Male) |
| 5:43 | Crear | Villager (Male) |
| 5:43 | Crear | Villager (Male) |
| 5:44 | Crear | Villager (Male) |
| 6:13 | Construir | Mill |
| 7:00 | Crear | Villager (Male) |
| 7:00 | Crear | Villager (Male) |
| 7:00 | Crear | Villager (Male) |
| 8:18 | Crear | Villager (Male) |
| 8:18 | Crear | Villager (Male) |
| 8:19 | Crear | Villager (Male) |
| 9:14 | Construir | Mining Camp |
| 9:16 | Crear | Villager (Male) |
| 9:16 | Crear | Villager (Male) |
| 10:01 | Crear | Villager (Male) |
| 10:16 | Construir | Mining Camp |
| 10:30 | Investigar | Feudal Age |
| 10:45 | Construir | Mill |
| 12:12 | Crear | Villager (Male) |
| 12:12 | Crear | Villager (Male) |
| 12:41 | Edad | Edad Feudal |
| 12:50 | Crear | Villager (Male) |
| 13:19 | Construir | Farm |
| 13:21 | Construir | Farm |
| 13:22 | Construir | Farm |
| 13:49 | Construir | Market |
| 13:56 | Construir | Blacksmith |
| 14:18 | Construir | Farm |
| 14:19 | Construir | Farm |
| 14:21 | Construir | Farm |
| 14:24 | Construir | Farm |
| 14:46 | Crear | Villager (Male) |
| 14:46 | Crear | Villager (Male) |
| 14:47 | Crear | Villager (Male) |
| 14:51 | Crear | Villager (Male) |
| 16:16 | Crear | Villager (Male) |
| 16:16 | Crear | Villager (Male) |
| 16:37 | Construir | House |
| 16:38 | Construir | House |
| 16:38 | Construir | House |
| 16:38 | Construir | House |
| 16:38 | Construir | House |
| 16:52 | Crear | Villager (Male) |
| 16:53 | Investigar | Castle Age |
| 17:49 | Construir | Mill |
| 18:04 | Crear | Villager (Male) |
| 18:04 | Crear | Villager (Male) |
| 19:36 | Edad | Edad de los Castillos |
| 19:53 | Construir | Town Center |
| 20:09 | Crear | Villager (Male) |
| 20:09 | Crear | Villager (Male) |
| 20:37 | Construir | Castle |
| 20:45 | Crear | Villager (Male) |
| 20:46 | Crear | Villager (Male) |
| 21:01 | Construir | Town Center |
| 21:40 | Crear | Villager (Male) |
| 21:45 | Crear | Villager (Male) |
| 21:45 | Crear | Villager (Male) |
| 22:01 | Construir | Mining Camp |
| 22:06 | Crear | Villager (Male) |
| 22:07 | Crear | Villager (Male) |
| 22:07 | Crear | Villager (Male) |
| 22:07 | Crear | Villager (Male) |
| 22:29 | Construir | Lumber Camp |
| 22:35 | Investigar | Double-Bit Axe |
| 22:38 | Investigar | Horse Collar |
| 23:21 | Construir | Farm |
| 23:23 | Construir | Farm |
| 23:55 | Crear | Villager (Male) |
| 23:55 | Crear | Villager (Male) |
| 23:56 | Crear | Villager (Male) |
| 24:20 | Investigar | Imperial Age |
| 24:34 | Crear | Villager (Male) |
| 24:34 | Crear | Villager (Male) |
| 24:44 | Crear | Villager (Male) |
| 24:44 | Crear | Villager (Male) |
| 25:09 | Construir | Farm |
| 25:23 | Crear | Villager (Male) |
| 25:24 | Crear | Villager (Male) |
| 25:24 | Crear | Villager (Male) |
| 25:37 | Construir | Farm |
| 25:53 | Construir | Town Center |
| 26:02 | Construir | Farm |
| 26:10 | Crear | Villager (Male) |
| 26:26 | Construir | Farm |
| 26:27 | Crear | Villager (Male) |
| 26:28 | Crear | Villager (Male) |
| 26:40 | Construir | Mining Camp |
| 27:23 | Construir | Farm |
| 27:24 | Construir | Farm |
| 27:27 | Crear | Villager (Male) |
| 27:27 | Crear | Villager (Male) |
| 27:27 | Crear | Villager (Male) |
| 27:30 | Edad | Edad Imperial |
| 27:30 | Crear | Villager (Male) |
| 27:40 | Crear | Villager (Male) |
| 27:42 | Crear | Villager (Male) |
| 28:23 | Construir | Castle |
| 28:31 | Crear | Villager (Male) |
| 28:32 | Crear | Villager (Male) |
| 28:36 | Crear | Villager (Male) |
| 28:40 | Construir | Farm |
| 28:43 | Construir | Farm |
| 28:48 | Construir | Farm |
| 28:48 | Crear | Villager (Male) |
| 28:48 | Crear | Villager (Male) |
| 28:49 | Crear | Villager (Male) |
| 28:51 | Crear | Villager (Male) |
| 28:53 | Crear | Villager (Male) |
| 28:58 | Construir | Farm |
| 29:02 | Construir | Farm |
| 29:06 | Crear | Villager (Male) |
| 29:07 | Crear | Villager (Male) |
| 29:14 | Construir | Farm |
| 29:25 | Construir | Farm |
| 29:47 | Crear | Berserk |
| 29:47 | Crear | Berserk |
| 30:03 | Construir | Barracks |
| 30:03 | Construir | Barracks |
| 30:03 | Construir | Barracks |
| 30:03 | Construir | Barracks |
| 30:04 | Construir | Barracks |
| 30:06 | Construir | Barracks |
| 30:06 | Construir | Barracks |
| 30:06 | Construir | Barracks |
| 30:07 | Construir | Barracks |
| 30:07 | Construir | Barracks |
| 30:15 | Construir | Farm |
| 30:20 | Construir | Farm |
| 30:26 | Construir | Farm |
Build order — antoine.gunet
Primeras 150 de 458 acciones detectadas
| 0:02 | Crear | Villager (Male) |
| 0:02 | Crear | Villager (Male) |
| 0:03 | Crear | Villager (Male) |
| 0:03 | Crear | Villager (Male) |
| 0:04 | Construir | House |
| 0:07 | Construir | House |
| 1:52 | Construir | Lumber Camp |
| 1:56 | Crear | Villager (Male) |
| 1:56 | Crear | Villager (Male) |
| 1:57 | Crear | Villager (Male) |
| 2:28 | Crear | Villager (Male) |
| 2:28 | Crear | Villager (Male) |
| 2:47 | Crear | Villager (Male) |
| 3:36 | Crear | Villager (Male) |
| 3:36 | Crear | Villager (Male) |
| 3:56 | Crear | Villager (Male) |
| 3:56 | Crear | Villager (Male) |
| 4:01 | Construir | House |
| 4:19 | Crear | Villager (Male) |
| 4:19 | Crear | Villager (Male) |
| 4:26 | Construir | Mill |
| 5:24 | Crear | Villager (Male) |
| 5:25 | Crear | Villager (Male) |
| 5:25 | Crear | Villager (Male) |
| 5:25 | Crear | Villager (Male) |
| 6:13 | Crear | Villager (Male) |
| 6:13 | Crear | Villager (Male) |
| 6:13 | Crear | Villager (Male) |
| 6:24 | Construir | House |
| 8:02 | Investigar | Feudal Age |
| 8:36 | Construir | Palisade Wall |
| 8:47 | Construir | House |
| 9:22 | Construir | House |
| 9:34 | Crear | Villager (Male) |
| 9:36 | Investigar | Loom |
| 9:39 | Crear | Villager (Male) |
| 9:39 | Crear | Villager (Male) |
| 9:39 | Crear | Villager (Male) |
| 9:52 | Construir | Mining Camp |
| 10:05 | Crear | Villager (Male) |
| 10:06 | Crear | Villager (Male) |
| 10:12 | Edad | Edad Feudal |
| 10:14 | Construir | Stable |
| 10:43 | Investigar | Double-Bit Axe |
| 10:46 | Investigar | Horse Collar |
| 11:07 | Construir | Farm |
| 11:08 | Crear | Villager (Male) |
| 11:08 | Crear | Villager (Male) |
| 11:28 | Construir | Lumber Camp |
| 11:32 | Crear | Villager (Male) |
| 11:50 | Crear | Villager (Male) |
| 12:13 | Crear | Villager (Male) |
| 12:43 | Crear | Villager (Male) |
| 12:43 | Crear | Villager (Male) |
| 12:48 | Construir | Farm |
| 12:52 | Construir | Farm |
| 13:00 | Crear | Villager (Male) |
| 13:00 | Crear | Villager (Male) |
| 13:08 | Construir | Farm |
| 13:08 | Construir | Farm |
| 13:08 | Construir | Farm |
| 13:09 | Construir | Farm |
| 13:11 | Construir | Farm |
| 13:31 | Crear | Villager (Male) |
| 13:39 | Construir | Farm |
| 13:53 | Construir | Farm |
| 13:57 | Construir | Farm |
| 14:02 | Construir | Farm |
| 14:06 | Crear | Villager (Male) |
| 14:57 | Construir | House |
| 15:15 | Construir | House |
| 15:16 | Construir | House |
| 15:18 | Construir | House |
| 15:20 | Construir | House |
| 15:31 | Crear | Villager (Male) |
| 15:32 | Crear | Villager (Male) |
| 15:45 | Construir | Farm |
| 16:04 | Construir | House |
| 16:23 | Crear | Villager (Male) |
| 16:24 | Crear | Villager (Male) |
| 16:31 | Construir | Farm |
| 16:40 | Construir | Farm |
| 16:41 | Construir | Farm |
| 16:51 | Construir | House |
| 17:18 | Crear | Villager (Male) |
| 17:37 | Construir | Archery Range |
| 17:43 | Investigar | Castle Age |
| 17:43 | Investigar | Castle Age |
| 17:54 | Construir | Palisade Wall |
| 18:03 | Construir | Palisade Wall |
| 18:14 | Construir | House |
| 18:15 | Construir | House |
| 18:17 | Construir | House |
| 18:27 | Crear | Villager (Male) |
| 18:28 | Crear | Villager (Male) |
| 18:52 | Construir | Barracks |
| 19:15 | Crear | Villager (Male) |
| 19:29 | Crear | Villager (Male) |
| 19:57 | Crear | Spearman |
| 19:57 | Crear | Spearman |
| 19:57 | Crear | Spearman |
| 20:23 | Edad | Edad de los Castillos |
| 20:25 | Crear | Villager (Male) |
| 20:26 | Crear | Villager (Male) |
| 20:26 | Crear | Villager (Male) |
| 20:30 | Investigar | Pikeman (upgrade) |
| 21:48 | Construir | Palisade Wall |
| 22:15 | Construir | Town Center |
| 22:34 | Construir | House |
| 22:35 | Construir | House |
| 22:41 | Construir | House |
| 22:42 | Construir | House |
| 22:42 | Construir | House |
| 22:42 | Construir | House |
| 22:43 | Construir | House |
| 22:47 | Crear | Spearman |
| 22:47 | Crear | Spearman |
| 22:51 | Crear | Villager (Male) |
| 22:51 | Crear | Villager (Male) |
| 22:52 | Crear | Villager (Male) |
| 22:52 | Crear | Villager (Male) |
| 22:55 | Investigar | Gold Mining |
| 22:57 | Investigar | Heavy Plow |
| 22:59 | Investigar | Bow Saw |
| 23:29 | Crear | Villager (Male) |
| 23:29 | Crear | Villager (Male) |
| 23:38 | Construir | Monastery |
| 23:49 | Construir | Mining Camp |
| 23:52 | Crear | Villager (Male) |
| 23:52 | Crear | Villager (Male) |
| 23:53 | Construir | Farm |
| 24:11 | Crear | Monk |
| 24:17 | Crear | Villager (Male) |
| 24:18 | Crear | Villager (Male) |
| 24:29 | Crear | Villager (Male) |
| 24:30 | Crear | Villager (Male) |
| 24:30 | Crear | Villager (Male) |
| 24:35 | Construir | Mining Camp |
| 25:03 | Construir | Palisade Wall |
| 25:50 | Construir | Siege Workshop |
| 25:53 | Crear | Villager (Male) |
| 25:57 | Crear | Villager (Male) |
| 25:57 | Crear | Villager (Male) |
| 25:58 | Crear | Villager (Male) |
| 25:58 | Crear | Villager (Male) |
| 25:58 | Crear | Villager (Male) |
| 25:58 | Crear | Villager (Male) |
| 25:59 | Crear | Villager (Male) |
| 26:07 | Investigar | Gold Shaft Mining |
| 26:25 | Construir | Town Center |
Build order — christiaan.pleijsier
Primeras 150 de 356 acciones detectadas
| 0:05 | Construir | House |
| 0:20 | Crear | Villager (Male) |
| 0:40 | Crear | Villager (Male) |
| 1:16 | Crear | Villager (Male) |
| 1:17 | Crear | Villager (Male) |
| 1:26 | Crear | Villager (Male) |
| 1:56 | Construir | Lumber Camp |
| 2:39 | Construir | House |
| 2:59 | Crear | Villager (Male) |
| 2:59 | Crear | Villager (Male) |
| 3:14 | Construir | House |
| 3:47 | Construir | House |
| 3:50 | Crear | Villager (Male) |
| 4:06 | Crear | Villager (Male) |
| 4:16 | Construir | Mining Camp |
| 5:02 | Crear | Villager (Male) |
| 6:13 | Crear | Villager (Male) |
| 6:54 | Crear | Villager (Male) |
| 6:59 | Crear | Villager (Male) |
| 7:20 | Crear | Villager (Male) |
| 7:33 | Crear | Villager (Male) |
| 7:57 | Construir | Mill |
| 9:06 | Construir | Farm |
| 9:31 | Investigar | Feudal Age |
| 10:01 | Construir | Farm |
| 10:07 | Construir | Farm |
| 10:14 | Construir | Farm |
| 10:26 | Construir | Farm |
| 10:29 | Crear | Villager (Male) |
| 10:29 | Crear | Villager (Male) |
| 11:40 | Edad | Edad Feudal |
| 11:44 | Crear | Villager (Male) |
| 12:10 | Construir | Farm |
| 12:20 | Crear | Villager (Male) |
| 12:21 | Crear | Villager (Male) |
| 12:37 | Construir | Blacksmith |
| 13:20 | Construir | House |
| 13:22 | Construir | House |
| 13:31 | Construir | Farm |
| 13:37 | Construir | Farm |
| 13:46 | Crear | Villager (Male) |
| 14:11 | Construir | House |
| 14:12 | Construir | House |
| 14:14 | Construir | House |
| 14:49 | Construir | House |
| 14:50 | Construir | House |
| 15:23 | Construir | Market |
| 15:52 | Crear | Villager (Male) |
| 15:52 | Crear | Villager (Male) |
| 16:04 | Construir | House |
| 16:05 | Construir | House |
| 16:31 | Construir | Mining Camp |
| 16:47 | Investigar | Castle Age |
| 16:57 | Construir | Lumber Camp |
| 17:23 | Crear | Trade Cart |
| 17:24 | Crear | Trade Cart |
| 17:30 | Construir | Farm |
| 19:27 | Edad | Edad de los Castillos |
| 19:59 | Crear | Villager (Male) |
| 19:59 | Crear | Villager (Male) |
| 20:06 | Crear | Villager (Male) |
| 21:11 | Construir | Town Center |
| 21:22 | Crear | Villager (Male) |
| 21:22 | Crear | Villager (Male) |
| 21:53 | Crear | Trade Cart |
| 22:25 | Construir | Barracks |
| 22:51 | Crear | Trade Cart |
| 23:00 | Construir | Mining Camp |
| 23:09 | Crear | Villager (Male) |
| 23:10 | Crear | Villager (Male) |
| 23:10 | Crear | Villager (Male) |
| 23:13 | Crear | Villager (Male) |
| 23:14 | Crear | Villager (Male) |
| 23:15 | Crear | Villager (Male) |
| 23:17 | Crear | Villager (Male) |
| 23:18 | Crear | Villager (Male) |
| 23:18 | Crear | Villager (Male) |
| 23:23 | Crear | Villager (Male) |
| 23:23 | Crear | Villager (Male) |
| 23:23 | Crear | Villager (Male) |
| 23:23 | Crear | Villager (Male) |
| 23:24 | Crear | Villager (Male) |
| 23:31 | Crear | Villager (Male) |
| 23:41 | Construir | Farm |
| 23:51 | Construir | Stable |
| 24:12 | Construir | Farm |
| 24:17 | Crear | Villager (Male) |
| 24:17 | Crear | Villager (Male) |
| 24:18 | Crear | Villager (Male) |
| 24:30 | Construir | Farm |
| 24:41 | Crear | Spearman |
| 24:53 | Crear | Knight |
| 25:22 | Crear | Spearman |
| 25:23 | Crear | Spearman |
| 25:25 | Crear | Knight |
| 25:25 | Crear | Knight |
| 26:11 | Crear | Spearman |
| 26:12 | Crear | Spearman |
| 26:15 | Crear | Knight |
| 26:15 | Crear | Knight |
| 26:25 | Construir | Siege Workshop |
| 26:56 | Crear | Spearman |
| 27:41 | Investigar | Caravan |
| 27:53 | Crear | Villager (Male) |
| 27:53 | Crear | Villager (Male) |
| 27:53 | Crear | Villager (Male) |
| 27:54 | Crear | Villager (Male) |
| 27:58 | Construir | Farm |
| 28:03 | Construir | Farm |
| 28:08 | Construir | Farm |
| 28:13 | Construir | Farm |
| 28:18 | Construir | Farm |
| 28:32 | Construir | Castle |
| 29:06 | Crear | Trade Cart |
| 29:15 | Construir | Farm |
| 29:19 | Crear | Villager (Male) |
| 29:30 | Crear | Villager (Male) |
| 29:30 | Crear | Villager (Male) |
| 29:31 | Crear | Villager (Male) |
| 29:31 | Crear | Villager (Male) |
| 29:31 | Crear | Villager (Male) |
| 29:37 | Construir | Farm |
| 30:04 | Crear | Trade Cart |
| 30:07 | Crear | Trade Cart |
| 30:28 | Construir | Stable |
| 30:32 | Construir | Castle |
| 30:47 | Investigar | Pikeman (upgrade) |
| 31:02 | Crear | Trade Cart |
| 31:33 | Crear | Trade Cart |
| 31:44 | Crear | Villager (Male) |
| 31:45 | Crear | Villager (Male) |
| 32:36 | Crear | Trade Cart |
| 32:37 | Crear | Trade Cart |
| 33:38 | Construir | Mining Camp |
| 33:53 | Construir | Stable |
| 34:10 | Crear | Trade Cart |
| 34:24 | Investigar | Husbandry |
| 34:29 | Investigar | Scale Barding Armor |
| 35:07 | Construir | Stable |
| 35:17 | Crear | Trade Cart |
| 35:19 | Crear | Trade Cart |
| 35:27 | Crear | Villager (Male) |
| 35:27 | Crear | Villager (Male) |
| 35:27 | Crear | Villager (Male) |
| 35:28 | Crear | Villager (Male) |
| 36:06 | Crear | Knight |
| 36:15 | Investigar | Imperial Age |
| 36:29 | Investigar | Chain Barding Armor |
| 36:34 | Crear | Knight |
| 36:36 | Crear | Knight |
Build order — Ana Catalina
Primeras 150 de 340 acciones detectadas
| 3:21 | Investigar | Loom |
| 3:22 | Crear | Villager (Male) |
| 3:22 | Crear | Villager (Male) |
| 3:22 | Crear | Villager (Male) |
| 3:22 | Crear | Villager (Male) |
| 3:23 | Crear | Villager (Male) |
| 3:26 | Construir | House |
| 3:28 | Construir | House |
| 3:29 | Construir | House |
| 5:05 | Construir | House |
| 5:06 | Construir | House |
| 5:54 | Crear | Villager (Male) |
| 5:55 | Crear | Villager (Male) |
| 7:05 | Crear | Villager (Male) |
| 7:05 | Crear | Villager (Male) |
| 7:05 | Crear | Villager (Male) |
| 7:19 | Crear | Villager (Male) |
| 7:19 | Crear | Villager (Male) |
| 8:18 | Crear | Villager (Male) |
| 8:35 | Crear | Villager (Male) |
| 9:13 | Crear | Villager (Male) |
| 9:45 | Construir | Mining Camp |
| 9:48 | Crear | Villager (Male) |
| 10:35 | Crear | Villager (Male) |
| 10:43 | Construir | Lumber Camp |
| 12:41 | Investigar | Feudal Age |
| 13:14 | Construir | Mill |
| 13:28 | Crear | Villager (Male) |
| 13:28 | Crear | Villager (Male) |
| 13:28 | Crear | Villager (Male) |
| 13:30 | Crear | Villager (Male) |
| 13:57 | Construir | Outpost |
| 13:58 | Construir | Outpost |
| 14:12 | Crear | Villager (Male) |
| 14:29 | Construir | Farm |
| 14:45 | Construir | Outpost |
| 14:50 | Edad | Edad Feudal |
| 15:03 | Construir | Market |
| 15:21 | Construir | Market |
| 15:33 | Construir | Stone Wall |
| 15:45 | Construir | Farm |
| 15:47 | Construir | Farm |
| 15:50 | Construir | Farm |
| 15:55 | Construir | Farm |
| 16:10 | Construir | Stone Wall |
| 16:19 | Construir | Stone Wall |
| 16:27 | Construir | Building 487 |
| 16:41 | Crear | Villager (Male) |
| 17:03 | Crear | Villager (Male) |
| 17:57 | Construir | Mining Camp |
| 18:00 | Crear | Villager (Male) |
| 18:00 | Crear | Villager (Male) |
| 18:37 | Construir | House |
| 18:39 | Construir | House |
| 18:43 | Crear | Villager (Male) |
| 19:36 | Construir | Outpost |
| 19:59 | Construir | Blacksmith |
| 20:02 | Crear | Villager (Male) |
| 20:02 | Crear | Villager (Male) |
| 21:14 | Investigar | Castle Age |
| 22:50 | Investigar | Fletching |
| 22:51 | Investigar | Padded Archer Armor |
| 23:54 | Edad | Edad de los Castillos |
| 24:03 | Construir | Barracks |
| 24:05 | Construir | Siege Workshop |
| 24:07 | Crear | Villager (Male) |
| 24:07 | Crear | Villager (Male) |
| 24:08 | Crear | Villager (Male) |
| 24:09 | Crear | Villager (Male) |
| 24:10 | Crear | Villager (Male) |
| 24:10 | Crear | Villager (Male) |
| 24:33 | Construir | Castle |
| 24:45 | Crear | Spearman |
| 24:46 | Crear | Spearman |
| 24:46 | Crear | Spearman |
| 25:12 | Construir | House |
| 25:24 | Construir | House |
| 25:40 | Construir | House |
| 25:44 | Construir | House |
| 26:17 | Crear | Janissary |
| 26:18 | Crear | Janissary |
| 26:18 | Crear | Janissary |
| 26:28 | Construir | Farm |
| 26:30 | Crear | Villager (Male) |
| 26:30 | Crear | Villager (Male) |
| 27:14 | Crear | Janissary |
| 27:53 | Crear | Villager (Male) |
| 28:41 | Crear | Villager (Male) |
| 28:41 | Crear | Villager (Male) |
| 29:04 | Construir | Mining Camp |
| 29:10 | Crear | Janissary |
| 29:10 | Crear | Janissary |
| 29:38 | Crear | Janissary |
| 30:06 | Construir | House |
| 30:08 | Construir | House |
| 30:09 | Construir | House |
| 30:10 | Construir | House |
| 30:22 | Construir | Stone Wall |
| 30:33 | Crear | Villager (Male) |
| 30:33 | Crear | Villager (Male) |
| 30:33 | Crear | Villager (Male) |
| 30:46 | Construir | House |
| 31:02 | Construir | Farm |
| 31:04 | Crear | Villager (Male) |
| 31:30 | Construir | Outpost |
| 32:01 | Construir | Castle |
| 32:03 | Construir | Mining Camp |
| 32:13 | Crear | Villager (Male) |
| 32:13 | Crear | Villager (Male) |
| 32:15 | Construir | Farm |
| 32:16 | Construir | Farm |
| 32:18 | Crear | Villager (Male) |
| 33:04 | Construir | Farm |
| 33:07 | Construir | Farm |
| 33:09 | Investigar | Horse Collar |
| 33:33 | Construir | Outpost |
| 33:34 | Construir | Outpost |
| 33:44 | Crear | Janissary |
| 33:44 | Crear | Janissary |
| 33:48 | Construir | Farm |
| 34:16 | Construir | House |
| 34:47 | Construir | House |
| 34:55 | Crear | Villager (Male) |
| 34:55 | Crear | Villager (Male) |
| 34:55 | Crear | Villager (Male) |
| 34:57 | Crear | Villager (Male) |
| 35:24 | Construir | Farm |
| 35:38 | Construir | Stone Wall |
| 35:50 | Construir | University |
| 35:52 | Construir | House |
| 35:53 | Construir | House |
| 35:53 | Construir | House |
| 35:58 | Crear | Villager (Male) |
| 37:16 | Crear | Janissary |
| 37:16 | Crear | Janissary |
| 37:16 | Crear | Janissary |
| 37:16 | Crear | Janissary |
| 37:25 | Crear | Janissary |
| 37:25 | Crear | Janissary |
| 37:25 | Crear | Janissary |
| 38:03 | Crear | Villager (Male) |
| 38:03 | Crear | Villager (Male) |
| 38:04 | Crear | Villager (Male) |
| 38:04 | Crear | Villager (Male) |
| 38:04 | Crear | Villager (Male) |
| 38:05 | Crear | Villager (Male) |
| 39:38 | Crear | Villager (Male) |
| 39:38 | Crear | Villager (Male) |
| 39:40 | Construir | Farm |
| 39:42 | Construir | Farm |
Build order — fabjanzi
Primeras 150 de 407 acciones detectadas
| 0:04 | Crear | Villager (Male) ×4 |
| 0:04 | Crear | Villager (Male) ×4 |
| 0:09 | Construir | House |
| 0:12 | Construir | House |
| 1:28 | Crear | Villager (Male) |
| 1:28 | Crear | Villager (Male) |
| 1:29 | Crear | Villager (Male) |
| 2:03 | Crear | Villager (Male) |
| 2:03 | Crear | Villager (Male) |
| 2:04 | Crear | Villager (Male) |
| 2:16 | Crear | Villager (Male) |
| 2:17 | Crear | Villager (Male) |
| 3:01 | Crear | Villager (Male) |
| 3:01 | Crear | Villager (Male) |
| 3:01 | Crear | Villager (Male) |
| 3:21 | Construir | Lumber Camp |
| 3:29 | Construir | House |
| 3:35 | Crear | Villager (Male) |
| 3:35 | Crear | Villager (Male) |
| 3:36 | Crear | Villager (Male) |
| 4:13 | Crear | Villager (Male) |
| 4:13 | Crear | Villager (Male) |
| 4:14 | Crear | Villager (Male) |
| 4:30 | Construir | Palisade Wall |
| 4:59 | Crear | Villager (Male) |
| 4:59 | Crear | Villager (Male) |
| 5:27 | Crear | Villager (Male) |
| 5:27 | Crear | Villager (Male) |
| 5:27 | Crear | Villager (Male) |
| 5:28 | Crear | Villager (Male) |
| 5:28 | Crear | Villager (Male) |
| 5:44 | Construir | House |
| 6:04 | Crear | Villager (Male) |
| 6:04 | Crear | Villager (Male) |
| 6:04 | Crear | Villager (Male) |
| 6:36 | Crear | Villager (Male) |
| 6:36 | Crear | Villager (Male) |
| 6:36 | Crear | Villager (Male) |
| 6:52 | Construir | Palisade Wall |
| 7:11 | Construir | Mill |
| 7:20 | Crear | Villager (Male) |
| 7:21 | Crear | Villager (Male) |
| 7:31 | Construir | Mining Camp |
| 8:09 | Crear | Villager (Male) |
| 8:10 | Crear | Villager (Male) |
| 8:14 | Construir | Mill |
| 8:25 | Construir | Palisade Wall |
| 8:53 | Construir | House |
| 8:58 | Investigar | Loom |
| 9:23 | Crear | Villager (Male) |
| 9:31 | Construir | House |
| 10:05 | Construir | Mining Camp |
| 10:14 | Construir | Palisade Wall |
| 10:23 | Investigar | Feudal Age |
| 10:58 | Crear | Villager (Male) |
| 10:59 | Crear | Villager (Male) |
| 11:55 | Construir | Barracks |
| 12:10 | Construir | Palisade Wall |
| 12:33 | Edad | Edad Feudal |
| 12:39 | Construir | Blacksmith |
| 13:09 | Crear | Villager (Male) |
| 13:38 | Construir | Stable |
| 13:55 | Construir | Farm |
| 14:45 | Investigar | Castle Age |
| 14:59 | Construir | Market |
| 15:18 | Construir | Stone Wall |
| 15:30 | Construir | Farm |
| 15:31 | Construir | Farm |
| 15:32 | Construir | Farm |
| 16:01 | Construir | Farm |
| 16:01 | Construir | Farm |
| 16:21 | Construir | Stone Wall |
| 16:32 | Construir | Farm |
| 16:39 | Construir | Farm |
| 16:47 | Construir | Farm |
| 16:57 | Construir | Farm |
| 17:25 | Edad | Edad de los Castillos |
| 17:26 | Crear | Knight |
| 17:27 | Crear | Knight |
| 17:41 | Crear | Knight |
| 18:22 | Crear | Knight |
| 18:22 | Crear | Knight |
| 19:12 | Crear | Knight |
| 19:12 | Crear | Knight |
| 19:24 | Construir | Town Center |
| 19:33 | Construir | Stone Wall |
| 21:16 | Crear | Knight |
| 21:21 | Crear | Villager (Male) ×5 |
| 21:21 | Crear | Villager (Male) ×5 |
| 22:31 | Crear | Villager (Male) ×4 |
| 22:42 | Construir | Farm |
| 22:42 | Construir | Farm |
| 22:43 | Construir | Farm |
| 22:43 | Construir | Farm |
| 22:43 | Construir | Farm |
| 22:43 | Construir | Farm |
| 22:44 | Construir | Farm |
| 22:44 | Construir | Farm |
| 22:46 | Crear | Villager (Male) |
| 23:18 | Construir | Siege Workshop |
| 23:28 | Investigar | Double-Bit Axe |
| 23:31 | Investigar | Gold Mining |
| 23:41 | Crear | Villager (Male) |
| 23:41 | Crear | Villager (Male) |
| 23:48 | Crear | Trade Cart ×4 |
| 24:01 | Construir | House |
| 24:07 | Investigar | Wheelbarrow |
| 24:21 | Construir | House |
| 24:38 | Crear | Mangonel |
| 24:39 | Crear | Mangonel |
| 24:55 | Construir | Stone Wall |
| 24:59 | Crear | Spearman |
| 24:59 | Crear | Spearman |
| 25:00 | Crear | Spearman |
| 25:09 | Crear | Villager (Male) |
| 25:09 | Crear | Villager (Male) |
| 25:27 | Crear | Spearman |
| 25:27 | Crear | Spearman |
| 25:27 | Crear | Spearman |
| 25:37 | Construir | House |
| 25:46 | Crear | Knight |
| 25:46 | Crear | Knight |
| 26:04 | Construir | Watch Tower |
| 26:25 | Crear | Knight |
| 26:29 | Construir | House |
| 26:29 | Construir | House |
| 26:30 | Construir | House |
| 26:49 | Construir | House |
| 27:18 | Construir | Town Center |
| 27:48 | Investigar | Forging |
| 27:50 | Crear | Villager (Male) |
| 27:51 | Crear | Villager (Male) |
| 27:51 | Crear | Villager (Male) |
| 27:51 | Crear | Villager (Male) |
| 28:19 | Investigar | Hand Cart |
| 28:20 | Crear | Villager (Male) |
| 28:21 | Crear | Villager (Male) |
| 28:29 | Crear | Villager (Male) |
| 28:32 | Crear | Villager (Male) |
| 28:32 | Crear | Villager (Male) |
| 28:32 | Crear | Villager (Male) |
| 28:33 | Crear | Villager (Male) |
| 28:38 | Investigar | Gold Shaft Mining |
| 28:40 | Investigar | Stone Mining |
| 29:19 | Crear | Villager (Male) |
| 29:20 | Crear | Villager (Male) |
| 29:23 | Crear | Villager (Male) |
| 29:24 | Crear | Villager (Male) |
| 29:24 | Crear | Villager (Male) |
| 30:01 | Construir | Castle |
Cronología de la partida
| 4:30 | fabjanzi · wall_segment Palisade Wall x16 |
| 6:06 | Guigui · first_building Barracks |
| 6:52 | fabjanzi · wall_segment Palisade Wall x9 |
| 8:25 | fabjanzi · wall_segment Palisade Wall x21 |
| 8:36 | antoine.gunet · wall_segment Palisade Wall x7 |
| 10:12 | antoine.gunet · age_up feudal |
| 10:14 | fabjanzi · wall_segment Palisade Wall x13 |
| 10:14 | antoine.gunet · first_building Stable |
| 10:53 | Guigui · age_up feudal |
| 10:55 | blacar · age_up feudal |
| 11:40 | christiaan.pleijsier · age_up feudal |
| 11:55 | fabjanzi · first_building Barracks |
| 12:09 | ich mag Bier · age_up feudal |
| 12:10 | fabjanzi · wall_segment Palisade Wall x1 |
| 12:33 | fabjanzi · age_up feudal |
| 12:41 | Rasboul · age_up feudal |
| 13:38 | fabjanzi · first_building Stable |
| 14:00 | Guigui · first_building Stable |
| 14:11 | blacar · first_market_buy 100 food |
| 14:50 | Ana Catalina · age_up feudal |
| 15:18 | fabjanzi · wall_segment Stone Wall x3 |
| 15:33 | Ana Catalina · wall_segment Stone Wall x18 |
| 15:57 | blacar · first_building Barracks |
| 16:10 | Ana Catalina · wall_segment Stone Wall x7 |
| 16:19 | Ana Catalina · wall_segment Stone Wall x17 |
| 16:21 | fabjanzi · wall_segment Stone Wall x15 |
| 16:25 | ich mag Bier · age_up castle |
| 17:25 | fabjanzi · age_up castle |
| 17:31 | blacar · age_up castle |
| 17:37 | antoine.gunet · first_building Archery Range |
| 17:54 | antoine.gunet · wall_segment Palisade Wall x1 |
| 18:03 | antoine.gunet · wall_segment Palisade Wall x1 |
| 18:24 | Guigui · age_up castle |
| 18:52 | antoine.gunet · first_building Barracks |
| 19:27 | christiaan.pleijsier · age_up castle |
| 19:33 | fabjanzi · wall_segment Stone Wall x16 |
| 19:36 | Rasboul · age_up castle |
| 20:11 | blacar · first_building Stable |
| 20:23 | Ana Catalina · first_market_buy 100 food |
| 20:23 | antoine.gunet · age_up castle |
| 20:37 | Rasboul · first_building Castle |
| 21:07 | Ana Catalina · first_market_sell 100 wood |
| 21:48 | antoine.gunet · wall_segment Palisade Wall x1 |
| 22:25 | christiaan.pleijsier · first_building Barracks |
| 23:18 | fabjanzi · first_building Siege Workshop |
| 23:24 | Guigui · first_building Castle |
| 23:38 | antoine.gunet · first_building Monastery |
| 23:51 | christiaan.pleijsier · first_building Stable |
| 23:54 | Ana Catalina · age_up castle |
| 24:03 | Ana Catalina · first_building Barracks |
| 24:05 | Ana Catalina · first_building Siege Workshop |
| 24:33 | Ana Catalina · first_building Castle |
| 24:55 | fabjanzi · wall_segment Stone Wall x5 |
| 25:03 | antoine.gunet · wall_segment Palisade Wall x1 |
| 25:50 | antoine.gunet · first_building Siege Workshop |
| 25:55 | ich mag Bier · first_building Monastery |
| 26:21 | blacar · wall_segment Stone Wall x5 |
| 26:25 | christiaan.pleijsier · first_building Siege Workshop |
| 27:25 | blacar · first_building Castle |
| 27:30 | Rasboul · age_up imperial |
| 28:22 | ich mag Bier · first_building Castle |
| 28:32 | christiaan.pleijsier · first_building Castle |
| 28:49 | blacar · first_building Monastery |
| 30:01 | fabjanzi · first_building Castle |
| 30:03 | Rasboul · first_building Barracks |
| 30:19 | Guigui · age_up imperial |
| 30:22 | Ana Catalina · wall_segment Stone Wall x1 |
| 30:23 | fabjanzi · first_market_buy 100 stone |
| 30:56 | blacar · first_building Siege Workshop |
| 31:26 | Guigui · first_building Siege Workshop |
| 31:37 | blacar · first_market_sell 100 food |
| 32:05 | ich mag Bier · first_building Barracks |
| 32:51 | blacar · age_up imperial |
| 32:54 | blacar · first_building Archery Range |
| 33:01 | antoine.gunet · first_building Castle |
| 35:38 | ich mag Bier · age_up imperial |
| 35:38 | Ana Catalina · wall_segment Stone Wall x1 |
| 36:42 | ich mag Bier · wall_segment Stone Wall x6 |
| 36:49 | ich mag Bier · wall_segment Stone Wall x8 |
| 37:06 | christiaan.pleijsier · first_building Archery Range |
| 39:27 | christiaan.pleijsier · age_up imperial |
| 40:11 | fabjanzi · age_up imperial |
| 41:03 | antoine.gunet · age_up imperial |
| 42:42 | fabjanzi · wall_segment Stone Wall x16 |
| 43:08 | fabjanzi · wall_segment Stone Wall x18 |
| 43:15 | Rasboul · first_building Monastery |
| 43:52 | fabjanzi · first_market_sell 500 wood |
| 44:08 | Ana Catalina · age_up imperial |
| 46:18 | fabjanzi · tribute_sent a jugador 1 |
| 46:18 | fabjanzi · tribute_sent a jugador 2 |
| 46:18 | fabjanzi · tribute_sent a jugador 3 |
| 46:18 | fabjanzi · tribute_sent a jugador 4 |
| 46:18 | fabjanzi · tribute_sent a jugador 5 |
| 46:18 | fabjanzi · tribute_sent a jugador 6 |
| 46:18 | fabjanzi · tribute_sent a jugador 7 |
| 47:09 | fabjanzi · wall_segment Stone Wall x2 |
| 47:11 | ich mag Bier · first_building Siege Workshop |
| 47:42 | Guigui · first_building Monastery |
| 48:53 | Ana Catalina · first_building Stable |
| 53:05 | Ana Catalina · wall_segment Stone Wall x16 |
| 56:55 | Ana Catalina · wall_segment Stone Wall x1 |
| 59:47 | blacar · resign |
| 60:38 | Rasboul · wall_segment Stone Wall x52 |
| 61:42 | Rasboul · first_market_buy 100 stone |
| 61:55 | Rasboul · wall_segment Stone Wall x14 |
| 62:09 | Rasboul · wall_segment Stone Wall x6 |
| 62:19 | Rasboul · wall_segment Stone Wall x1 |
| 62:27 | Rasboul · wall_segment Stone Wall x1 |
| 62:36 | Rasboul · wall_segment Stone Wall x4 |
| 63:22 | Rasboul · wall_segment Stone Wall x1 |
| 64:29 | ich mag Bier · tribute_sent a jugador 1 |
| 64:29 | ich mag Bier · tribute_sent a jugador 2 |
| 64:29 | ich mag Bier · tribute_sent a jugador 3 |
| 64:29 | ich mag Bier · tribute_sent a jugador 5 |
| 64:29 | ich mag Bier · tribute_sent a jugador 6 |
| 64:29 | ich mag Bier · tribute_sent a jugador 7 |
| 64:29 | ich mag Bier · tribute_sent a jugador 8 |
| 64:59 | Rasboul · wall_segment Stone Wall x36 |
| 67:01 | Rasboul · first_market_sell 100 food |
[ ANÁLISIS IA · 1 CRÉDITO ]
¿Qué pasó realmente en esta partida?
Wolo.gg analiza cada decisión: build order, eco, micro, errores típicos por bracket. Análisis personalizado por WhatsApp o Discord en 30 segundos.
Guía civ
Britanos
Guía mapa
Fortified Clearing
Perfil
ich mag Bier